Cogmind - Beta 17 @@@ ROGUE MODE // 2026.07.29 @ 18:17:06 Player: FretfulMantis Result: Destroyed by G-34 Mercenary with Small Laser Performance ------------- Evolutions (1) 500 Regions Visited (3) 600 Robots Destroyed (33) 165 Value Destroyed (701) 701 Prototype IDs (1) 20 Alien Tech Used (0) 0 Bonus (32) 32 TOTAL SCORE: 2018 Bonus ------- Follower Combat Kills 32 Cogmind --------- Core Integrity 0/400 Matter 300/300 Energy 100/100 System Corruption 4% Temperature Cool (6) Movement Core (200) Ox3 Location -9/Materials Parts ------- > --- POWER (1) -------- (None) > --- PROPULSION (4) --- (None) > --- UTILITY (2) ------ Medium Storage Unit > --- WEAPON (2) ------- (None) > --- INVENTORY (10) --- Light Nuclear Core Heat Sink Experimental Sensor Array Improved Terrain Scanner Improved Terrain Scan Processor Hacking Suite Hacking Suite Hacking Suite Hacking Suite Peak State ------------ > --- POWER ------------ Heavy Ion Engine > --- PROPULSION ------- Aluminum Leg Aluminum Leg Aluminum Leg Flexi-carbon Leg > --- UTILITY ---------- Heat Sink Small Storage Unit > --- WEAPON ----------- Light Assault Rifle Light Assault Rifle > --- INVENTORY -------- Light Nuclear Core Experimental Sensor Array Improved Terrain Scanner Core Shielding Hacking Suite Hacking Suite Hacking Suite Light Assault Rifle [Rating: 17] Favorites ----------- Power Ion Engine Engine Ion Engine Propulsion Aluminum Leg Treads Light Treads Leg Aluminum Leg Utility Small Storage Unit Device Heat Sink Storage Small Storage Unit Protection Core Shielding Weapon Assault Rifle Energy Gun Small Laser Ballistic Gun Assault Rifle Special Weapon Enhanced Flamer Build | -11 -10 -10 -9 ------- Run | Yrd Mat Min Mat Slots Evolved 2 | . . . 2 Power . | . . . . Propulsion 2 | . . . 2 Utility . | . . . . Weapon . | . . . . Parts Attached 25 | 7 3 8 7 Power 4 | 1 . 2 1 Engine 4 | 1 . 2 1 Core . | . . . . Reactor . | . . . . Propulsion 9 | 2 2 3 2 Treads 2 | 2 . . . Leg 7 | . 2 3 2 Wheel . | . . . . Hover . | . . . . Flight . | . . . . Utility 5 | 2 1 . 2 Device 2 | 1 1 . . Storage 2 | 1 . . 1 Processor . | . . . . Hackware . | . . . . Protection 1 | . . . 1 Artifact . | . . . . Weapon 7 | 2 . 3 2 Energy Gun 1 | . . 1 . Energy Cannon . | . . . . Ballistic Gun 5 | 2 . 1 2 Ballistic Cannon . | . . . . Launcher . | . . . . Special Weapon 1 | . . 1 . Impact Weapon . | . . . . Slashing Weapon . | . . . . Piercing Weapon . | . . . . Special Melee Weapon . | . . . . Unidentified Prototypes 1 | . . . 1 Parts Lost 12 | . 1 3 8 Power 2 | . . 1 1 Propulsion 4 | . . 1 3 Utility 2 | . 1 . 1 Weapon 4 | . . 1 3 Highest Loss Streak 8 | . 1 2 8 To Critical Strikes . | . . . . Average Backups 7 | 4 7 7 8 Power 1 | . 1 1 1 Propulsion 1 | 3 3 2 . Utility 3 | . 1 2 6 Weapon 1 | . 1 1 1 Tool/Special . | . . . . Unused Backups 11 | . 1 2 8 Power 1 | . . . 1 Propulsion 2 | . 1 1 . Utility 8 | . . 1 7 Weapon . | . . . . Tool/Special . | . . . . Average Slot Usage (%) 98 | . 98 99 94 Engine 13 | . 14 14 10 Treads 4 | . 21 . . Leg 26 | . 6 28 40 Device 12 | . 12 14 8 Storage 13 | . 14 14 11 Ballistic Gun 23 | . 28 23 20 Special Weapon 1 | . . 3 . Peak Build Rating 17 | 9 10 13 17 Average Rating 10 | 5 8 9 14 On Entrance 7 | . 9 8 13 Avg Prop Armor Cover (%) . | . . . . Naked Turns . | . . . . Heaviest Build 18 | 15 15 15 18 Greatest Support 50 | 40 40 30 50 Greatest Overweight (x) 3 | 1 1 . 3 Average Overweight (x) . | . . . . Largest Inventory Capacity 10 | 8 8 8 10 Average Capacity 8 | 7 8 8 8 Most Carried 10 | 7 8 8 10 Average Carried 7 | 4 7 7 8 Final Capacity 10 | 8 8 8 10 Final Carried 9 | 6 8 8 9 Class Distribution -------------------- 59% | Scavenger-Mutant 40% | Mutant Dominant Class ---------------- Mutant | -10/Materials Scavenger-Mutant | -10/Mines Scavenger-Mutant | -9/Materials Resources | -11 -10 -10 -9 ----------- Run | Yrd Mat Min Mat Matter Collected 828 | 300 169 201 158 Remotely . | . . . . Salvage Created 1068 | 95 281 329 363 Parts 60 | 4 17 19 20 Haulers Intercepted 1 | . . . 1 Recyclers Shooed 2 | . 1 . 1 Parts Field Recycled . | . . . . Retrieved Matter . | . . . . Parts Self-Destructed . | . . . . Prevented . | . . . . Parts Restored . | . . . . Kills | -11 -10 -10 -9 ------- Run | Yrd Mat Min Mat Combat Hostiles Destroyed 28 | . 6 14 8 Guns 28 | . 6 14 8 Classes Destroyed 6 | 2 1 2 1 Tunneler 1 | 1 . . . Hauler 1 | . . . 1 Recycler 3 | 1 . 1 1 Swarmer 14 | . . 11 3 Grunt 13 | . 6 2 5 Demolisher 1 | . . 1 . Best Kill Streak 4 | 2 2 4 4 Combat Bots Only 4 | . 2 4 3 Max Kills in Single Turn 2 | 1 1 2 1 Gunslinging 1 | . . 1 . Exploded . | . . . . Melee . | . . . . Uniques/NPCs Destroyed . | . . . . Combat | -11 -10 -10 -9 -------- Run | Yrd Mat Min Mat Hostile Shots Fired 264 | . 44 69 151 Missed 61 | . 9 18 34 Hits 203 | . 35 51 117 Projectile 203 | . 35 51 117 AOE 3 | . . 3 . Critical Strikes 5 | . 2 1 2 Damage Taken 2133 | . 427 535 1171 Core 598 | . 60 130 408 Absorbed by Shields . | . . . . Redirected to Shielding 50 | . . . 50 Core Remaining (%) 62 | 100 . 24 . Volleys Fired 119 | 5 24 39 51 Largest 2 | 2 2 2 2 Hottest 100 | 40 40 100 40 Shots Fired 235 | 10 48 77 100 Gun 229 | 10 48 71 100 Cannon . | . . . . Launcher . | . . . . Special 6 | . . 6 . Kinetic 220 | 10 48 62 100 Thermal 15 | . . 15 . Explosive . | . . . . Electromagnetic . | . . . . Robot Hit Streak 19 | 2 9 10 19 Robot Miss Streak 7 | 2 2 4 7 Penetration Max . | . . . . Secondary Targets 5 | . 1 3 1 Max Gunslinging Chain 1 | . 1 1 1 Shots Hit Robots 164 | 5 37 49 73 Core Hits 62 | 4 14 21 23 Critical Kills 2 | . . . 2 Critical Parts Destroyed 1 | . . 1 . Critical Strikes 3 | . . 1 2 Destroy 3 | . . 1 2 Melee Attacks . | . . . . Impact . | . . . . Slashing . | . . . . Piercing . | . . . . Sneak Attacks . | . . . . Combat Hostiles . | . . . . Follow-up Attacks . | . . . . Damage Inflicted 1718 | 68 488 581 581 Guns 1668 | 67 488 535 578 Cannons . | . . . . Explosions . | . . . . Melee . | . . . . Ramming 8 | 1 . 4 3 Kinetic 1605 | 67 488 472 578 Thermal 105 | . . 105 . Explosive . | . . . . Electromagnetic . | . . . . Impact . | . . . . Slashing . | . . . . Piercing . | . . . . Highest Corruption 4 | . . . 4 Average Corruption 4 | . . . 4 Corruption Purged . | . . . . Corruption Blocked . | . . . . Effects 5 | . . . 5 Message Errors 1 | . . . 1 Energy Discharges 1 | . . . 1 Parts Rejected 2 | . . . 2 Alerts 1 | . . . 1 Overload Shots . | . . . . Overflow Damage . | . . . . Projectiles . | . . . . Explosions . | . . . . Melee . | . . . . Knockbacks . | . . . . Impact . | . . . . Kinetic . | . . . . Secondary . | . . . . Self-Inflicted Damage 1 | . . . 1 Shots . | . . . . Rammed 3 | 1 . . 2 Targets Rammed 5 | 1 . 1 3 Kicked 2 | . . 1 1 Crushed . | . . . . Highest Temperature 29 | . 29 18 12 Average Temperature 10 | . 14 7 5 Received Heat Transfer 735 | . 279 39 417 Siege Activations . | . . . . Martial Activations . | . . . . Shielding Activations . | . . . . Robots Disrupted . | . . . . Combat Hostiles . | . . . . Robots Corrupted . | . . . . Combat Hostiles . | . . . . Parts Fried . | . . . . Impact Corruptions . | . . . . Robots Melted . | . . . . Combat Hostiles . | . . . . Parts Melted . | . . . . Heat Transferred 470 | . . 470 . Parts Sabotaged . | . . . . Parts Stolen . | . . . . Parts Stripped . | . . . . Power Chain Reactions . | . . . . Alert | -11 -10 -10 -9 ------- Run | Yrd Mat Min Mat Maximum Alert Level . | . . . . Low Security (%) 100 | 100 100 100 100 Level 1 . | . . . . Level 2 . | . . . . Level 3 . | . . . . Level 4 . | . . . . Level 5 . | . . . . High Security . | . . . . Max Security . | . . . . Peak Influence 107 | 10 60 107 101 Initial 31 | . . 3 31 Average 26 | 1 22 34 18 Influence Increases 810 | 10 164 389 247 Destroy 0b10 Robot/C 600 | . 120 320 160 Destroy 0b10 Robot/NC 25 | 10 . 5 10 Destroy Leader 102 | . 20 50 32 Allied During Kill 14 | . . 14 . Successful Hack 9 | . 9 . . Partial Spotted 15 | . . . 15 Lose Combat Pursuer 45 | . 15 . 30 Influence Decreases 775 | 10 154 316 295 Entered New Map 59 | . . 7 52 Time Decay 582 | 10 144 265 163 Lost Part 110 | . 10 20 80 Lost Ally 24 | . . 24 . Squads Dispatched 3 | . . . 3 Investigation 1 | . . . 1 Extermination . | . . . . Reinforcement 2 | . . . 2 Assault . | . . . . Garrison . | . . . . Intercept . | . . . . Searches Triggered . | . . . . Construction Impeded . | . . . . Haulers Reinforced . | . . . . Active Scanning Responses . | . . . . Cargo Convoy Interrupts . | . . . . Stealth | -11 -10 -10 -9 --------- Run | Yrd Mat Min Mat Distress Signals 3 | . 1 . 2 Communications Jammed . | . . . . Distress Signals . | . . . . Times Spotted 52 | . 13 16 23 Peak Tracking Total 9 | . 3 3 9 Tactical Retreats 3 | . 1 . 2 Traps | -11 -10 -10 -9 ------- Run | Yrd Mat Min Mat Traps Triggered . | . . . . Indirectly . | . . . . Trap Hack Attempts . | . . . . Triggered . | . . . . Disarmed . | . . . . Reprogrammed . | . . . . Reused . | . . . . Traps Extracted . | . . . . Installed . | . . . . Triggered . | . . . . Machines | -11 -10 -10 -9 ---------- Run | Yrd Mat Min Mat Machines Disabled . | . . . . Max in Single Turn . | . . . . Machines Repaired . | . . . . Machines Dismantled . | . . . . Machines Sabotaged . | . . . . Overloaded Fab Kills . | . . . . Hacking | -11 -10 -10 -9 --------- Run | Yrd Mat Min Mat Machines Accessed 6 | . 4 . 2 Terminals 6 | . 4 . 2 Fabricators . | . . . . Repair Stations . | . . . . Recycling Units . | . . . . Scanalyzers . | . . . . Garrison Access . | . . . . Total Hacks 15 | . 11 . 4 Successful 8 | . 7 . 1 Failed 6 | . 3 . 3 Catastrophic 1 | . . . 1 Database Lockouts 1 | . 1 . . Manual 10 | . 10 . . Terminals 15 | . 11 . 4 Fabricators . | . . . . Repair Stations . | . . . . Recycling Units . | . . . . Scanalyzers . | . . . . Garrison Access . | . . . . Terminal Hacks 4 | . 3 . 1 Robot Analysis 2 | . 1 . 1 Locate Traps 1 | . 1 . . Registered Components 1 | . 1 . . Fabricator Hacks . | . . . . Repair Station Hacks . | . . . . Recycling Unit Hacks . | . . . . Scanalyzer . | . . . . Garrison Access Hacks . | . . . . Unauthorized Hacks 4 | . 4 . . Terminals 4 | . 4 . . Botnet 4 | . 4 . . Fabricators . | . . . . Repair Stations . | . . . . Recycling Units . | . . . . Scanalyzers . | . . . . Garrison Access . | . . . . Data Cores Recovered . | . . . . Used . | . . . . Hacking Detections 5 | . 3 . 2 Full Trace Events 2 | . 1 . 1 Feedback Events . | . . . . Feedback Blocked . | . . . . Robot Schematics Acquired . | . . . . Robots Built . | . . . . Authchips . | . . . . Time . | . . . . Total Robot Build Rating . | . . . . Part Schematics Acquired . | . . . . Parts Built . | . . . . Authchips . | . . . . Time . | . . . . Total Part Build Rating . | . . . . Part Studies Acquired . | . . . . Parts Repaired . | . . . . Time . | . . . . Parts Recycled . | . . . . Recycled Matter . | . . . . Retrieved Matter . | . . . . Retrieved Components . | . . . . Parts Scanalyzed . | . . . . Part Schematics Acquired . | . . . . Parts Damaged . | . . . . Bothacking | -11 -10 -10 -9 ------------ Run | Yrd Mat Min Mat Used RIF Installer . | . . . . Robots Hacked . | . . . . Non-combat . | . . . . Combat . | . . . . Robot Hacks Applied . | . . . . Relay Couplers Released . | . . . . Fabnet Peak Effective % . | . . . . Robots Rewired . | . . . . Allies Hacked . | . . . . Hacks Repelled . | . . . . Allies | -11 -10 -10 -9 -------- Run | Yrd Mat Min Mat Total Allies 3 | . . 3 . Largest Group 3 | . . 3 . Highest-Rated Group 40 | . . 40 . Highest-Rated Ally 16 | . . 16 . Total Orders . | . . . . Ally Attacks 24 | . . 24 . Total Damage 219 | . . 219 . Kills 3 | . . 3 . Allies Corrupted . | . . . . Allies Melted . | . . . . Intel | -11 -10 -10 -9 ------- Run | Yrd Mat Min Mat Active Infowar (turns) 253 | 14 239 . . Terrain 253 | 14 239 . . Robot Analysis Total 2 | . 1 . 1 Derelict Logs Recovered 2 | . . 2 . Drone Launches . | . . . . Drone Recoveries . | . . . . Exploration | -11 -10 -10 -9 ------------- Run | Yrd Mat Min Mat Turns Passed 1855 | 100 362 908 485 Spaces Moved 1056 | 45 170 600 241 Core 15 | 5 . . 10 Treads 144 | 40 104 . . Legs 897 | . 66 600 231 Wheels . | . . . . Hover . | . . . . Flight . | . . . . Fastest Speed 50 | 50 120 120 120 Average Speed 125 | 148 144 120 123 Slowest Speed 200 | 160 190 120 200 Overloaded Moves . | . . . . Propulsion Burnouts . | . . . . Robots Hopped . | . . . . Potential Cave-ins . | . . . . Cave-ins Triggered . | . . . . Exploration Rate (%) 37 | 4 34 92 21 Regions Visited 3 Branch Regions 1 Pre-discovered Areas 1 | . . 1 . Known Exits Taken . | . . . . Unknown Exits Taken 3 | 1 1 1 . Scrap Searched 1 | . . 1 . Spaces Dug . | . . . . Terrain Destroyed . | . . . . Melee . | . . . . Projectile . | . . . . AOE . | . . . . Terrain Rammed . | . . . . Walls Destroyed . | . . . . Machines Disabled . | . . . . Actions | -11 -10 -10 -9 --------- Run | Yrd Mat Min Mat Total 1362 | 65 237 713 347 Wait 122 | . 35 54 33 Move 1054 | 45 169 599 241 Hop . | . . . . Pick Up 20 | 7 3 5 5 Fast Attach 16 | 7 3 3 3 Attach 7 | . . 3 4 Detach . | . . . . Swap 5 | . . 2 3 Drop 15 | 1 3 7 4 Fire 119 | 5 24 39 51 Melee . | . . . . Ram 2 | . . . 2 Kick 2 | . . 1 1 Crush . | . . . . Escape Stasis . | . . . . Rewire . | . . . . Trap . | . . . . Miscellaneous . | . . . . Route ------- -11/Scrapyard -10/Materials -10/Mines (discovered 2 exits: *Mat / [*Sub]) -9/Materials (discovered 1 exit: Min) History --------- Turn | Location | Event 12 | -11/Scrapyard | Discovered new exit (range 15) 101 | -11/Scrapyard | Entered Materials 243 | -10/Materials | Discovered new exit (range 13) 259 | -10/Materials | Central database locked down 306 | -10/Materials | Build established: Mutant 463 | -10/Materials | Entered Mines 473 | -10/Mines | Assisted by bots powering up and referring to "LRC-V3" 502 | -10/Mines | A weapon hastily lodged in a ceiling crevice suddenly fell to the ground 520 | -10/Mines | Assembled infested the area 525 | -10/Mines | Assisted by a Guerilla fighting off Assembled 567 | -10/Mines | Learned 4 Materials zone layouts 779 | -10/Mines | Core integrity fell below 50% 827 | -10/Mines | Found a Scrap Suit stashed away for nefarious purposes 900 | -10/Mines | Found a damaged Exp. Sensor Array with a note attached 903 | -10/Mines | Found Prototype Device 923 | -10/Mines | Build established: Scavenger-Mutant 943 | -10/Mines | Learned location of Storage (-9) 1250 | -10/Mines | Discovered new exit (range 14) 1301 | -10/Mines | Discovered new exit (range 13) 1371 | -10/Mines | Entered Materials 1371 | -9/Materials | Evolved 2 slots: Propulsion x2 1372 | -9/Materials | Identified exit to Mines 1837 | -9/Materials | Core integrity fell below 50% 1849 | -9/Materials | Core integrity fell below 20% 1856 | -9/Materials | Destroyed by G-34 Mercenary with Small Laser Last Messages --------------- 01828_ Lgt. Assault Rifle destroyed. 01829_ R-06 Scavenger collects Flight Unit. 01830_ G-34 Mercenary destroyed. 01830_ Ion Engine destroyed. 01831_ Lgt. Assault Rifle destroyed. 01831_ Critical hit (Burn: +37). 01832_ R-06 Scavenger collects Sml. Laser. 01836_ Acquired Flexi-carbon Leg. 01836_ Flexi-carbon Leg destroyed. 01837_ Slammed into S-10 Pest. 01840_ K-01 Serf collects debris. 01841_ S-10 Pest destroyed. 01841_ Acquired 12 matter. 01843_ Core Shielding destroyed. 01844_ K-01 Serf collects debris. 01845_ R-06 Scavenger collects Lgt. Ion Engine. 01847_ K-01 Serf collects debris. 01849_ R-06 Scavenger collects Sml. Storage Unit. 01854_ K-01 Serf collects debris. 01854_ R-06 Scavenger collects Ion Engine. Map ----- +----------------------------------------------------+ | ????????????????????????????????????????????????? | | ????????????????????????????????????????????????? | | #????????????????????????????????????????????????? | | #????????????????????????????????????????????????? | | #????????????????????????????????????????????????? | | ????????????????????????????????????????????????? | | #????????????????????????????????????????????????? | | #????????????????????????????????????????????????? | | #?????????????????????? ? ?????????????????????? | | #???????????????????? ? ???????????????????? | | #????????????????????? #??????????????????? | | #????????????????????? #??? ??????????????? | | ????????????????????? u#### #?????????????? | | ????????????????????? +?????????????? | | ?????????????????????# #?????????????? | | ?????????????????????# T !!! ###???????????? | | ?????????????????????# !!! ##??????????? | | ?????????????????????# !!! k ??????????? | | ?????????????????????# #???????????? | | ????????????????###### #???????????? | | ?????????????????# [[! ############# | | ??????????????? # [!! # #??????? | | ???????????????? + [!! # #??##### | | ?????????????????# # #??# | | ?????????????????# """ # #??## | | ?????????????????### @ """ # #???# | | ???????????????????# a """ + "" #???# | | ?????????########### # "T #???# | | ?????????# ## gg a# "" #???# " | | ?????????# ## ##/######/# #???# " | | ?????????# ## s # Y ######???# " | | ?????????# # skg#*[r #????????# | | ?????????# + %r%= #???????##### | | ?????????# # %#*[ #???????# "" | | ?????????# # w# """ """ #???????# """ | | ?????????# # # """ """ #??????## """ | | ?????????# + # """ """ #??????# """ | | ?????????############### # #??????## "" | | ???????????????????##### ###########???????# | | ???????????????????#]] ##############????# | | ???????????????????#]] # #????# | | ???????????????????#!! %# """"" #????##### | | ??????????##########! ^^^+ """"" #????????? | | ?????????# ## ^^#[ """"" #????????? | | ?????????# """ ## # #????????? | | ?????????# """ ###### #########+######??????? | | ?????????# """ # + #??????? | | ?????????# / # #??????? | | ?????????# """ # """ """ + #??????? | | ?????????# """ # """ """ # = #??????? | +----------------------------------------------------+ Best States ------------- Heat Dissipation 38 Energy Generation 10 Energy Capacity 250 Matter Stores 300 Matter Capacity 300 Sight Range 16 Terrain Scan Range 16 Terrain Scan Density 10 Core Shielding 20 Evasion (%) 55 Recoil Reduction 2 Item Schematics ----------------- None Robot Schematics ------------------ None Fabricated ------------ Nothing Repaired ---------- Nothing Studied --------- None Alien Tech Used ----------------- None Achievements -------------- None Challenges ------------ None Game ------ Seed GyrokineticPlasmaTrap Manual? 0 Play Time 00:17:43 Cumulative 54.5 hours Start 2026.07.21 @ 15:53:45 End 2026.07.29 @ 18:17:06 Sessions 5 Manual Loads 0 Difficulty Rogue Special Mode None Game No. 69 Rogue 69 Adventurer 0 Explorer 0 Win Type - Total 2 Types 2/0/0/0/0/0/0/0/0/0 Lore% 40 Gallery% 41 Achievement% 33 Wizard Run 0 Options --------- Layout 0 ASCII 0 Keyboard 1 Movement Numpad Keybinds 0 Fullscreen 1 Font 24/Smallcaps Map View 76x50 Zoom Use 0% Tactical HUD 1 Map Filters NONE Filters NONE Steam 1 RUN: b55edea9-1b03-4018-9d39-33a965630956